 Dungeon Crawl Stone Soup version 0.23.2-1-ga50397a (webtiles) character file.

Game seed: 16801347261459434757

147 XPEneeg3 the Chopper (level 5, -2/47 HPs)
             Began as a Hill Orc Monk on May 4, 2019.
             Was a Believer of Beogh.
             Killed from afar by an orc wizard (8 damage)
             ... with a magic dart
             ... on level 3 of the Dungeon.
             The game lasted 00:19:50 (3281 turns).

XPEneeg3 the Chopper (Hill Orc Monk)                Turns: 3281, Time: 00:19:50

Health: -2/47      AC:  2    Str: 15    XL:     5   Next: 29%
Magic:  5/5        EV: 12    Int: 10    God:    Beogh [**....]
Gold:   34         SH:  3    Dex: 13    Spells: 4/4 levels left

rFire    . . .     SeeInvis .   a - +0 hand axe
rCold    . . .     Gourm    .   r - +0 buckler {rPois}
rNeg     . . .     Faith    .   b - +0 robe
rPois    +         Spirit   .   (no helmet)
rElec    .         Reflect  .   (no cloak)
rCorr    .         Harm     .   (no gloves)
MR       .....                  (no boots)
Stlth    ++........             (no amulet)
HPRegen  0.15/turn              (no ring)
MPRegen  0.09/turn              (no ring)

@: no status effects
A: no striking features
a: Smiting, Renounce Religion


You were on level 3 of the Dungeon.
You worshipped Beogh.
Beogh was pleased with you.
You were not hungry.

You visited 1 branch of the dungeon, and saw 3 of its levels.

You collected 34 gold pieces.

Inventory:

Hand Weapons
 a - a +0 hand axe (weapon)
 p - a +0 hunting sling
Missiles
 e - 24 stones (quivered)
 n - 16 poisoned needles
Armour
 b - a +0 robe (worn)
 i - a +0 chain mail
 q - a +0 ring mail
 r - a +0 buckler of poison resistance (worn)
 t - a +0 leather armour
Wands
 k - a wand of paralysis (10)
 s - a wand of iceblast (9)
Scrolls
 d - a scroll of fear {unknown}
 f - 3 scrolls of identify
 h - 2 scrolls of remove curse {unknown}
 j - a scroll of enchant weapon {unknown}
 o - a scroll of teleportation {unknown}
Potions
 g - a potion of ambrosia
 l - a potion of haste
 m - a potion of cancellation {unknown}
Comestibles
 c - 3 rations


   Skills:
 * Level 4.7 Fighting
 * Level 5.5 Axes
 - Level 0.8 Throwing
 + Level 0.0 Armour
 * Level 3.3 Dodging
 - Level 1.5 Stealth
 + Level 0.0 Shields


You had 4 spell levels left.
You didn't know any spells.
Your spell library was empty.

Dungeon Overview and Level Annotations

Branches:
Dungeon (3/15)

Altars:
Makhleb
Okawaru
Vehumet
Yredelemnul

Annotations:
D:2 Sigmund


Message History

You see here a stone.
Things that are here:
a +0 dagger; an orc corpse Throwing (i - inventory)
e - 25 stones (quivered)
Press: ? - help, Shift-Dir - straight line, f - kobold
Aim: a kobold, wielding a +0 dagger You throw a stone.
The stone hits the kobold but does no damage.
You hear some strange, mumbled words.
A puff of flame appears from out of thin air!
The puff of flame hits you!
* * * LOW HITPOINT WARNING * * *
There is an open door here.
A magic dart appears from out of thin air!
The magic dart hits you!
* * * LOW HITPOINT WARNING * * *
A magic dart appears from out of thin air!
The magic dart hits you!
You die...
Beogh appreciates something's killing of a heretic priest.

.......#......+....o..o.# .....
#.........#####...###...##)(....
#.....................o.((......
#.........########.)..((##......
#................'......# .....
########.#.##....#..w...# .... #
#.#.##....#....#># ...
########.#.##....#.####.# ..
#......#.# #...@#.# #.# .
#.####.#.# ##.#.#.# #.# #.#
#.#.#.###.#.#.# #.# #.#
#.#.#.........# #.#
#.#.#.###.#.###
#.####.#.#####.#.######
#...##.#........<.......
###.##.#######.#########
#................#


There were no monsters in sight!

Vanquished Creatures
  A bullfrog (D:3)
  An adder (D:2)
  2 oozes
  2 worms (D:2)
  2 dart slugs
  2 leopard geckos (D:2)
  An orc (D:3)
  10 bats
  A giant cockroach (D:1)
  2 gnoll zombies (D:3)
  3 goblins
  4 hobgoblins
  6 jackals
  8 kobolds
  3 ball pythons
  4 frilled lizards
  5 rats
57 creatures vanquished.

Vanquished Creatures (others)
  An orc priest (D:3)
1 creature vanquished.

Grand Total: 58 creatures vanquished

Notes
Turn   | Place    | Note
-------+----------+-------------------------------------------
     0 | D:1      | XPEneeg3 the Hill Orc Monk began the quest for the Orb.
     0 | D:1      | Reached XP level 1. HP: 19/19 MP: 1/1
   371 | D:1      | Reached XP level 2. HP: 8/27 MP: 2/2
   994 | D:1      | Reached XP level 3. HP: 32/33 MP: 3/3
  1580 | D:2      | Noticed Sigmund
  1855 | D:2      | Found an iron altar of Okawaru.
  2113 | D:2      | Found a radiant altar of Vehumet.
  2113 | D:2      | Found a burning altar of Makhleb.
  2197 | D:2      | Reached skill level 5 in Axes
  2197 | D:2      | Reached XP level 4. HP: 30/40 MP: 4/4
  2926 | D:3      | Noticed a bullfrog
  2945 | D:3      | Killed a bullfrog
  2945 | D:3      | Reached XP level 5. HP: 32/47 MP: 5/5
  3087 | D:3      | Found a basalt altar of Yredelemnul.
  3249 | D:3      | Became a worshipper of Beogh the Brigand
  3249 | D:3      | Reached * piety under Beogh
  3249 | D:3      | Reached ** piety under Beogh
  3281 | D:3      | Killed from afar by an orc wizard

Skill      XL: |  1  2  3 |
---------------+----------+-----
Fighting       | 4 |  4.7
Axes           | 5 |  5.5
Dodging        | 3 |  3.3
Throwing       | |  0.8
Stealth        | |  1.5

Action                   |  1- 3 |  4- 6 || total
-------------------------+-------+-------++-------
Melee: Hand axe          |   138 |    69 ||   207
Throw: Stone             |    90 |    52 ||   142
Invok: Convert to Beogh  |       |     1 ||     1
  Use: Potion            |     1 |     1 ||     2
       Scroll            |     1 |       ||     1
 Stab: Sleeping          |     1 |       ||     1
  Eat: Chunk             |     3 |     1 ||     4
       Ration            |     1 |       ||     1
Armor: Robe              |    34 |    18 ||    52
Dodge: Dodged            |   137 |    51 ||   188
